MLB
ATLANTA BRAVES @ TEXAS RANGERS
10/05/2098
 
TOP OF THE 1ST
Atlanta Braves batting - Pitching for Texas Rangers : RHP Danny Bagwell
Pitching: RHP Danny Bagwell
Batting: LHB Jordan Montijo 0-0: Swinging Strike
0-1: Ball
1-1: Swinging Strike
1-2: Strikes out swinging
Batting: LHB Wade Ronsonet 0-0: Ball
1-0: Ball
2-0: Called Strike
2-1: Foul Ball, location: 7LSF
2-2: Strikes out looking
Batting: RHB Ramon Carrion 0-0: Ball
1-0: Foul Ball, location: 23F
1-1: Foul Ball, location: 2F
1-2: Foul Ball, location: 7LMFF
1-2: Ball
2-2: Ball
3-2: SINGLE (Line Drive, 6D, EV 103.1 MPH)
Batting: SHB Carlos Carballo 0-0: Foul Ball, location: 2F
0-1: Called Strike
0-2: Ball
1-2: Ball
2-2: Ground out 1-3 (Groundball, 34S, EV 72.5 MPH)
Top of the 1st over - 0 runs, 1 hit, 0 errors, 1 left on base; Atlanta 0 - Texas 0
BOTTOM OF THE 1ST
Texas Rangers batting - Pitching for Atlanta Braves : RHP Jorge Villalona
Pitching: RHP Jorge Villalona
Batting: SHB Luis Chavez 0-0: Ball
1-0: Ball
2-0: Ball
3-0: Called Strike
3-1: Base on Balls
Batting: RHB Chris Patrick 0-0: Grounds into double play, 5-4-3 (Groundball, 15, EV 82.5 MPH)
Batting: LHB Simeone DeVito 0-0: Called Strike
0-1: Ball
1-1: Foul Ball, location: 2F
1-2: Foul Ball, location: 2F
1-2: SINGLE (Groundball, 6MD, EV 95.6 MPH)
Batting: RHB Kevin Hock 0-0: Called Strike
0-1: Ball
1-1: Foul Ball, location: 2F
1-2: Strikes out swinging
Bottom of the 1st over - 0 runs, 1 hit, 0 errors, 1 left on base; Atlanta 0 - Texas 0
TOP OF THE 2ND
Atlanta Braves batting - Pitching for Texas Rangers : RHP Danny Bagwell
Batting: SHB Joe Richardson 0-0: Ball
1-0: Ball
2-0: Called Strike
2-1: Foul Ball, location: 5F
2-2: Foul Ball, location: 23FF
2-2: Fly out, F9 (Flyball, 9, EV 88.1 MPH)
Batting: LHB Omar Carreon 0-0: Foul Ball, location: 2F
0-1: Ball
1-1: Ball
2-1: Fly out, F6 (Popup, 6MS, EV 75.6 MPH)
Batting: LHB Mike Hancock 0-0: Foul Ball, location: 7LSF
0-1: Fly out, F7 (Flyball, 7S, EV 96.3 MPH)
Top of the 2nd over - 0 runs, 0 hits, 0 errors, 0 left on base; Atlanta 0 - Texas 0
BOTTOM OF THE 2ND
Texas Rangers batting - Pitching for Atlanta Braves : RHP Jorge Villalona
Batting: LHB Charlie Gagne 0-0: Called Strike
0-1: Foul Ball, location: 5F
0-2: Ball
1-2: Foul Ball, location: 7LSF
1-2: Foul Ball, location: 23FF
1-2: SOLO HOME RUN (Flyball, 7D, EV 101.3 MPH), Distance : 377 ft
Batting: RHB Jason Hartel 0-0: Fly out, F3 (Line Drive, 3L, EV 67.5 MPH)
Batting: LHB Marquis Newkirk 0-0: Called Strike
0-1: Ball
1-1: Ball
2-1: Swinging Strike
2-2: Foul Ball, location: 2F
2-2: Ball
3-2: Strikes out swinging
Batting: LHB Scott Spencer 0-0: Called Strike
0-1: Fly out, F8 (Flyball, 8LD, EV 93.8 MPH)
Bottom of the 2nd over - 1 run, 1 hit, 0 errors, 0 left on base; Atlanta 0 - Texas 1
TOP OF THE 3RD
Atlanta Braves batting - Pitching for Texas Rangers : RHP Danny Bagwell
Batting: RHB Luis Saez 0-0: Foul Ball, location: 25F
0-1: Ball
1-1: Ball
2-1: Foul Ball, location: 23F
2-2: Strikes out looking
Batting: RHB Matt Varner 0-0: Called Strike
0-1: Ball
1-1: Ball
2-1: Ball
3-1: Foul Ball, location: 9LDF
3-2: Strikes out swinging
Batting: LHB Jordan Montijo 0-0: Foul Ball, location: 2F
0-1: Foul Ball, location: 23F
0-2: Strikes out swinging
Top of the 3rd over - 0 runs, 0 hits, 0 errors, 0 left on base; Atlanta 0 - Texas 1
BOTTOM OF THE 3RD
Texas Rangers batting - Pitching for Atlanta Braves : RHP Jorge Villalona
Batting: RHB Chris Daly 0-0: Ball
1-0: Called Strike
1-1: Ground out 6-3 (Groundball, 6, EV 85.6 MPH)
Batting: SHB Luis Chavez 0-0: Called Strike
0-1: Ball
1-1: Ball
2-1: Foul Ball, location: 25F
2-2: Ball
3-2: Base on Balls
Batting: RHB Chris Patrick 0-0: Called Strike
Luis Chavez steals 2nd base
0-1: Ground out 6-3 (Groundball, 56, EV 100.6 MPH)
Luis Chavez to third
Batting: LHB Simeone DeVito 0-0: Ball
1-0: Foul Ball, location: 2F
1-1: Foul Ball, location: 5F
1-2: Strikes out looking
Bottom of the 3rd over - 0 runs, 0 hits, 0 errors, 1 left on base; Atlanta 0 - Texas 1
TOP OF THE 4TH
Atlanta Braves batting - Pitching for Texas Rangers : RHP Danny Bagwell
Batting: LHB Wade Ronsonet 0-0: Swinging Strike
0-1: Fly out, F9 (Flyball, 9D, EV 95.6 MPH)
Batting: RHB Ramon Carrion 0-0: Ball
1-0: Ball
2-0: Foul Ball, location: 2F
2-1: Foul Ball, location: 2F
2-2: Foul Ball, location: 5FF
2-2: Ground out 6-3 (Groundball, 6, EV 80.6 MPH)
Batting: SHB Carlos Carballo 0-0: Called Strike
0-1: Ball
1-1: Called Strike
1-2: Ball
2-2: Ball
3-2: Base on Balls
Batting: SHB Joe Richardson 0-0: Fly out, F7 (Flyball, 7, EV 90.6 MPH)
Top of the 4th over - 0 runs, 0 hits, 0 errors, 1 left on base; Atlanta 0 - Texas 1
BOTTOM OF THE 4TH
Texas Rangers batting - Pitching for Atlanta Braves : RHP Jorge Villalona
Batting: RHB Kevin Hock 0-0: Ball
1-0: Hit by Pitch
Batting: LHB Charlie Gagne 0-0: Fielders Choice at 2nd, 2-4 (Groundball, 2L, EV 66.3 MPH)
Batting: RHB Jason Hartel 0-0: Called Strike
0-1: Fly out, F8 (Flyball, 8RD, EV 88.1 MPH)
Batting: LHB Marquis Newkirk 0-0: Ball
1-0: Foul Ball, location: 5DF
1-1: Foul Ball, location: 2F
1-2: Ball
2-2: Strikes out looking
Bottom of the 4th over - 0 runs, 0 hits, 0 errors, 1 left on base; Atlanta 0 - Texas 1
TOP OF THE 5TH
Atlanta Braves batting - Pitching for Texas Rangers : RHP Danny Bagwell
Batting: LHB Omar Carreon 0-0: Called Strike
0-1: Ball
1-1: SINGLE (Line Drive, 34, EV 98.8 MPH)
Batting: LHB Mike Hancock 0-0: Ball
1-0: Foul Ball, location: 2RF
1-1: Called Strike
1-2: Strikes out swinging
Batting: RHB Luis Saez 0-0: Ball
1-0: Called Strike
Omar Carreon steals 2nd base
1-1: Foul Ball, location: 2F
1-2: Fly out, F9 (Flyball, 9, EV 93.1 MPH)
Batting: RHB Matt Varner 0-0: Fly out, F8 (Flyball, 8LXD, EV 91.3 MPH)
Top of the 5th over - 0 runs, 1 hit, 0 errors, 1 left on base; Atlanta 0 - Texas 1
BOTTOM OF THE 5TH
Texas Rangers batting - Pitching for Atlanta Braves : RHP Jorge Villalona
Batting: LHB Scott Spencer 0-0: Ground out U3 (Groundball, 3, EV 96.9 MPH)
Batting: RHB Chris Daly 0-0: SINGLE (Flyball, 4D, EV 93.1 MPH)
Batting: SHB Luis Chavez 0-0: SINGLE (Line Drive, 6D, EV 101.9 MPH)
Chris Daly to second
Batting: RHB Chris Patrick 0-0: Ball
1-0: Swinging Strike
1-1: Swinging Strike
1-2: Ball
2-2: Ball
3-2: Strikes out swinging
Batting: LHB Simeone DeVito 0-0: Ball
1-0: Ball
2-0: Ball
3-0: Base on Balls
Chris Daly to third
Luis Chavez to second
Batting: RHB Kevin Hock 0-0: Ball
1-0: Called Strike
1-1: Foul Ball, location: 9LSF
1-2: Ball
2-2: GRAND SLAM HOME RUN (Flyball, 78XD, EV 105.0 MPH), Distance : 402 ft
Pitching: RHP Jeremy Jenkins
Batting: LHB Charlie Gagne 0-0: SINGLE (Line Drive, 4M, EV 99.4 MPH)
Batting: RHB Jason Hartel 0-0: Called Strike
0-1: Ball
1-1: Ball
2-1: Ball
3-1: Base on Balls
Charlie Gagne to second
Batting: LHB Marquis Newkirk 0-0: Fielders Choice at 2nd, 5-4 (Groundball, 56, EV 90.0 MPH)
Bottom of the 5th over - 4 runs, 4 hits, 0 errors, 2 left on base; Atlanta 0 - Texas 5
TOP OF THE 6TH
Atlanta Braves batting - Pitching for Texas Rangers : RHP Danny Bagwell
Batting: LHB Jordan Montijo 0-0: Ball
1-0: Swinging Strike
1-1: Ground out 4-3 (Groundball, 4D, EV 78.8 MPH)
Batting: LHB Wade Ronsonet 0-0: Ball
1-0: Ball
2-0: Ball
3-0: Called Strike
3-1: Base on Balls
Batting: RHB Ramon Carrion 0-0: Called Strike
Wade Ronsonet steals 2nd base
0-1: Foul Ball, location: 2F
0-2: Foul Ball, location: 25FF
0-2: Ball
1-2: Foul Ball, location: 3SF
1-2: Fly out, F8 (Flyball, 8LS, EV 92.5 MPH)
Batting: SHB Carlos Carballo 0-0: Called Strike
0-1: Called Strike
0-2: Ball
1-2: 2-RUN HOME RUN (Flyball, 9LD, EV 93.8 MPH), Distance : 350 ft
Batting: SHB Joe Richardson 0-0: Foul Ball, location: 9LMFF
0-1: Ball
1-1: Called Strike
1-2: Ball
2-2: Foul Ball, location: 3F
2-2: Foul Ball, location: 2F
2-2: SINGLE (Line Drive, 34D, EV 104.4 MPH)
Pitching: RHP Antonio Jimenez
Batting: LHB Omar Carreon 0-0: Ball
Joe Richardson steals 2nd base
1-0: Ground out 4-3 (Groundball, 34, EV 82.5 MPH)
Top of the 6th over - 2 runs, 2 hits, 0 errors, 1 left on base; Atlanta 2 - Texas 5
BOTTOM OF THE 6TH
Texas Rangers batting - Pitching for Atlanta Braves : RHP Jeremy Jenkins
Batting: LHB Scott Spencer 0-0: Ball
1-0: Foul Ball, location: 5F
1-1: SINGLE (Line Drive, 89S, EV 98.1 MPH)
Batting: RHB Chris Daly 0-0: Called Strike
0-1: Ball
1-1: Ball
2-1: Swinging Strike
2-2: Ball
3-2: Foul Ball, location: 2F
3-2: Strikes out looking
Batting: SHB Luis Chavez 0-0: Ball
1-0: Called Strike
1-1: Ball
2-1: Ball
3-1: Base on Balls
Scott Spencer to second
Batting: RHB Chris Patrick 0-0: Ball
1-0: Foul Ball, location: 5F
1-1: Swinging Strike
1-2: Ball
2-2: Ball
3-2: DOUBLE (Line Drive, 78M, EV 101.3 MPH)
Scott Spencer scores
Luis Chavez to third
Batting: LHB Simeone DeVito 0-0: Called Strike
0-1: Ball
1-1: Ball
2-1: TRIPLE (Flyball, 78XD, EV 101.3 MPH)
Luis Chavez scores
Chris Patrick scores
Pitching: RHP Ted Crockett
Batting: RHB Kevin Hock 0-0: Ball
1-0: Ball
2-0: Fly out, F8 (Flyball, 78M, EV 93.8 MPH)
Runner from 3rd tags up, SCORES, throw by CF
Batting: LHB Charlie Gagne 0-0: Ball
1-0: Called Strike
1-1: SINGLE (Groundball, 34D, EV 97.5 MPH)
Batting: RHB Jason Hartel 0-0: Ball
1-0: TRIPLE (Flyball, 89XD, EV 98.8 MPH)
Charlie Gagne scores
Batting: LHB Marquis Newkirk 0-0: Swinging Strike
0-1: Swinging Strike
0-2: Strikes out swinging
Bottom of the 6th over - 5 runs, 5 hits, 0 errors, 1 left on base; Atlanta 2 - Texas 10
TOP OF THE 7TH
Atlanta Braves batting - Pitching for Texas Rangers : RHP Antonio Jimenez
Batting: LHB Mike Hancock 0-0: Ground out 3-1 (Groundball, 34D, EV 98.1 MPH)
Batting: RHB Luis Saez 0-0: Ball
1-0: Foul Ball, location: 3F
1-1: SINGLE (Line Drive, 34, EV 100.0 MPH)
Batting: RHB Matt Varner 0-0: Ball
1-0: Called Strike
1-1: Ball
2-1: Ball
3-1: Grounds into double play, 4-6-3 (Groundball, 4, EV 80.6 MPH)
Top of the 7th over - 0 runs, 1 hit, 0 errors, 0 left on base; Atlanta 2 - Texas 10
BOTTOM OF THE 7TH
Texas Rangers batting - Pitching for Atlanta Braves : RHP Ted Crockett
Batting: LHB Scott Spencer 0-0: Called Strike
0-1: Ground out 3-1 (Groundball, 34, EV 92.5 MPH)
Batting: RHB Chris Daly 0-0: Ball
1-0: Fly out, F8 (Flyball, 78D, EV 91.9 MPH)
Pinch Hitting: LHB Stephen Barton 0-0: Ball
1-0: Called Strike
1-1: Ground out 4-3 (Groundball, 4, EV 85.0 MPH)
Bottom of the 7th over - 0 runs, 0 hits, 0 errors, 0 left on base; Atlanta 2 - Texas 10
TOP OF THE 8TH
Atlanta Braves batting - Pitching for Texas Rangers : RHP Antonio Jimenez
Now in CF: Stephen Barton
Batting: LHB Jordan Montijo 0-0: Ball
1-0: Swinging Strike
1-1: Foul Ball, location: 7LMF
1-2: Ball
2-2: Ball
3-2: Ground out 6-3 (Groundball, 6MD, EV 96.9 MPH)
Batting: LHB Wade Ronsonet 0-0: Called Strike
0-1: Ball
1-1: Swinging Strike
1-2: Strikes out swinging
Batting: RHB Ramon Carrion 0-0: Foul Ball, location: 5F
0-1: Foul Ball, location: 5F
0-2: Ground out 4-3 (Groundball, 34, EV 99.4 MPH)
Top of the 8th over - 0 runs, 0 hits, 0 errors, 0 left on base; Atlanta 2 - Texas 10
BOTTOM OF THE 8TH
Texas Rangers batting - Pitching for Atlanta Braves : RHP Ted Crockett
Pinch Hitting: RHB Jose Cano 0-0: Ball
1-0: Swinging Strike
1-1: Called Strike
1-2: Ball
2-2: Ball
3-2: Foul Ball, location: 2F
3-2: Base on Balls
Pinch Hitting: RHB Brian Ruble 0-0: Ball
1-0: Called Strike
1-1: Swinging Strike
1-2: Ball
2-2: Strikes out swinging
Batting: RHB Kevin Hock 0-0: Ball
1-0: Called Strike
1-1: Swinging Strike
1-2: Strikes out swinging
Batting: LHB Charlie Gagne 0-0: Called Strike
0-1: Ball
1-1: Ball
2-1: Ball
3-1: Swinging Strike
3-2: Strikes out swinging
Bottom of the 8th over - 0 runs, 0 hits, 0 errors, 1 left on base; Atlanta 2 - Texas 10
TOP OF THE 9TH
Atlanta Braves batting - Pitching for Texas Rangers : RHP Antonio Jimenez
Pitching: LHP Randy Cona
Now at 1B: Brian Ruble
Now in LF: Jose Cano
Now in RF: Marquis Newkirk
Batting: SHB Carlos Carballo 0-0: Ball
1-0: Ball
2-0: Ball
3-0: Base on Balls
Batting: SHB Joe Richardson 0-0: Called Strike
0-1: DOUBLE (Groundball, 5L, EV 102.5 MPH)
Carlos Carballo to third
Pinch Hitting: RHB Antonio Mejia 0-0: Foul Ball, location: 9LSF
0-1: Called Strike
0-2: Ball
1-2: Ball
2-2: Strikes out swinging
Pinch Hitting: RHB Adam Brading 0-0: DOUBLE (Line Drive, 89M, EV 91.9 MPH)
Carlos Carballo scores
Joe Richardson scores
Batting: RHB Luis Saez 0-0: Swinging Strike
0-1: Fly out, F7 (Line Drive, 7LM, EV 91.9 MPH)
Batting: RHB Matt Varner 0-0: Ball
1-0: Ball
2-0: Ball
3-0: Swinging Strike
3-1: Foul Ball, location: 5F
3-2: Foul Ball, location: 2F
3-2: Strikes out looking
Top of the 9th over - 2 runs, 2 hits, 0 errors, 1 left on base; Atlanta 4 - Texas 10
Tuesday, April 16th , 2024 - OOTP Baseball 24.11 Build 85